 Dungeon Crawl Stone Soup version 0.30-a0-715-gdb4ae3ece1 (webtiles) character file.

Game seed: 1789658982833635702

446392 mopl the Tortoise (level 23, -5/214 HPs)
             Began as an Armataur Gladiator on Jan 23, 2023.
             Was a High Priest of Okawaru.
             Slain by a spriggan rider
             ... wielding a +0 spear
              (10 damage)
             ... on level 3 of the Depths.
             The game lasted 02:18:59 (59695 turns).

mopl the Tortoise (Armataur Gladiator)             Turns: 59695, Time: 02:19:00

Health: -5/214     AC: 39    Str: 25    XL:     23   Next: 11%
Magic:  0/36       EV: 17    Int: 10    God:    Okawaru [*****.]
Gold:   5180       SH:  0    Dex: 16    Spells: 22/22 levels left

rFire   + . .      SeeInvis .    a - +3 lajatang (spect)
rCold   + + .      Faith    .    (shield currently unavailable)
rNeg    + + .      Spirit   +    q - +0 scale mail of Imperfection {rC+ rN+ Will+}
rPois   +          Reflect  .    N - +2 helmet "Otaufagu" {rC+ rCorr}
rElec   .          Harm     .    c - +2 cloak of Honesty {rF+}
rCorr   +          Roll     +    T - +1 pair of gloves {infuse}
Will    +++..                    H - +10 Black Knight's barding {ponderous, rPois rN+}
Stlth   ++++                     w - amulet of guardian spirit
HPRegen 0.55/turn                U - +5 ring of evasion
MPRegen 0.25/turn                y - ring "Ecyaxzu" {Will+ Slay+4}

@: about to teleport, slow
A: large, rugged brown scales 3, deformed body, armoured tail, roll, long
tongue, awkward tongue
}: 2/15 runes: decaying, serpentine
a: Renounce Religion, Heroism, Finesse, Duel


You were on level 3 of the Depths.
You worshipped Okawaru.
Okawaru was extremely pleased with you.
You visited 9 branches of the dungeon, and saw 41 of its levels.
You visited the Abyss 1 time.
You visited 1 bazaar.
You also visited: Sewer, Gauntlet and Ice Cave.

You collected 8656 gold pieces.
You spent 3476 gold pieces at shops.

Inventory:

Hand Weapons
 a - a +3 spectral lajatang (weapon)
 b - a +3 vampiric demon whip
 t - a +0 demon trident of flaming
Missiles
 d - 6 throwing nets
 e - 24 javelins
 i - 23 boomerangs
 A - 19 atropa-tipped darts
 J - 15 datura-tipped darts
 K - 62 poisoned darts (quivered)
 M - 6 boomerangs of dispersal
 R - 20 curare-tipped darts
Armour
 c - the +2 cloak of Honesty (worn) {rF+}
   (Okawaru gifted it to you on level 4 of the Lair of Beasts)

   rF:        It protects you from fire.
 q - the +0 scale mail of Imperfection (worn) {rC+ rN+ Will+}
   (You found it on level 2 of the Vaults)

   rC:        It protects you from cold.
   rN:        It protects you from negative energy.
   Will:      It increases your willpower.
 G - the +4 plate armour "Cayvell" {rC+}
   (Okawaru gifted it to you on level 3 of the Elven Halls)

   rC:        It protects you from cold.
 H - the +10 Black Knight's barding (worn) {ponderous, rPois rN+}
   (You acquired it on level 4 of the Snake Pit)

   rPois:     It protects you from poison.
   rN:        It protects you from negative energy.
 N - the +2 helmet "Otaufagu" (worn) {rC+ rCorr}
   (You found it in a Gauntlet)

   rC:        It protects you from cold.
   rCorr:     It protects you from acid and corrosion.
 T - a +1 pair of gloves of infusion (worn)
Jewellery
 w - an amulet of guardian spirit (around neck)
 y - the ring "Ecyaxzu" (right hand) {Will+ Slay+4}
   (You bought it in a shop on level 6 of the Dungeon)

   [ring of slaying]

   Slay:      It affects your accuracy & damage with ranged weapons and melee
   (+4).
   Will:      It increases your willpower.
 P - a ring of see invisible
 U - a +5 ring of evasion (left hand)
Wands
 z - a wand of digging (2)
 L - a wand of polymorph (36)
 O - a wand of light (25)
 S - a wand of mindburst (14)
 V - a wand of iceblast (4)
Scrolls
 j - 8 scrolls of fear
 l - 7 scrolls of fog
 p - 7 scrolls of vulnerability
 r - 20 scrolls of teleportation
 s - 12 scrolls of immolation
 D - 9 scrolls of blinking
 E - 2 scrolls of silence {!r}
 I - 7 scrolls of magic mapping
 Q - 7 scrolls of poison
 Y - a scroll of brand weapon
Potions
 f - a potion of mutation {!q}
 g - 6 potions of might
 h - 3 potions of ambrosia
 k - 28 potions of curing
 m - 2 potions of heal wounds
 n - 8 potions of magic
 o - 15 potions of lignification {!q}
 u - a potion of resistance
 x - 9 potions of haste
 B - 13 potions of flight
 F - 11 potions of invisibility
 Z - 4 potions of cancellation
Miscellaneous
 v - a phial of floods
 C - a piece from Xom's chessboard (15/15)
 W - a lightning rod (4/4)
 X - a tin of tremorstones (2/2)


   Skills:
 + Level 15.6 Fighting
 - Level 14.0 Staves
 + Level 14.8 Throwing
 + Level 18.9 Armour
 + Level 12.7 Dodging
 + Level 14.1 Stealth
 * Level 18.5 Invocations
 + Level 14.9 Evocations


You had 22 spell levels left.
You didn't know any spells.
Your spell library contained the following spells:

 Spells                   Type           Power      Damage    Failure   Level
 Magic Dart               Conj           0%         1d3       54%         1
 Sandblast                Erth           0%         2d4       54%         1
 Cigotuvi's Dreadful Rot  Necr/Pois/Air  0%         N/A       67%         2
 Ensorcelled Hibernation  Hex/Ice        0%         N/A       67%         2
 Passwall                 Tmut/Erth      0%         N/A       67%         2
 Poisonous Vapours        Pois/Air       0%         N/A       67%         2
 Searing Ray              Conj           0%         2d4       67%         2
 Gell's Gravitas          Tloc           0%         N/A       88%         3
 Hailstorm                Conj/Ice       0%         3d3       88%         3
 Ignite Poison            Fire/Tmut/Pois 0%         N/A       88%         3
 Inner Flame              Hex/Fire       0%         N/A       88%         3
 Mephitic Cloud           Conj/Pois/Air  0%         N/A       88%         3
 Ozocubu's Armour         Ice            0%         N/A       88%         3
 Portal Projectile        Hex/Tloc       0%         N/A       88%         3
 Spider Form              Tmut/Pois      0%         N/A       88%         3
 Stone Arrow              Conj/Erth      0%         3d7       88%         3
 Teleport Other           Tloc           0%         N/A       88%         3
 Airstrike                Air            0%         2d(0-16)  99%         4
 Anguish                  Hex/Necr       0%         N/A       99%         4
 Cause Fear               Hex            0%         N/A       99%         4
 Fulminant Prism          Conj/Hex       0%         3d5       99%         4
 Ice Form                 Ice/Tmut       0%         N/A       99%         4
 Leda's Liquefaction      Hex/Erth       0%         N/A       99%         4
 Olgreb's Toxic Radiance  Pois           0%         N/A       99%         4
 Petrify                  Tmut/Erth      0%         N/A       99%         4
 Sticky Flame             Conj/Fire      0%         2d3       99%         4
 Blade Hands              Tmut           0%         N/A       100%        5
 Freezing Cloud           Conj/Ice/Air   0%         6-21      100%        5
 Irradiate                Conj/Tmut      0%         3d11      100%        5
 Lightning Bolt           Conj/Air       0%         1d11      100%        5
 Metabolic Englaciation   Hex/Ice        0%         N/A       100%        5
 Dispersal                Tloc           0%         N/A       100%        6
 Statue Form              Tmut/Erth      0%         N/A       100%        6
 Dragon Form              Tmut           0%         N/A       100%        7
 Ozocubu's Refrigeration  Ice            0%         4d7       100%        7
 Storm Form               Tmut/Air       0%         N/A       100%        7
 Discord                  Hex            0%         N/A       100%        8
 Ignition                 Fire           0%         3d3       100%        8
 Maxwell's Capacitive Co  Air            0%         ∞         100%        8
 Necromutation            Tmut/Necr      0%         N/A       100%        8
 Polar Vortex             Ice            0%         N/A       100%        9
 Call Canine Familiar     Summ           Unusable   N/A       N/A         3
 Summon Lightning Spire   Summ/Air       Unusable   N/A       N/A         4
 Simulacrum               Ice/Necr       Unusable   N/A       N/A         6

Dungeon Overview and Level Annotations

Branches:
Dungeon (15/15)            Temple (1/1) D:7            Lair (5/5) D:10
  Swamp (4/4) Lair:3        Snake (4/4) Lair:3        Slime (0/5) Lair:5
    Orc (2/2) D:11            Elf (3/3) Orc:2        Vaults (4/5) D:14
  Crypt (0/3) Vaults:3     Depths (3/4) D:15          Sewer (visited)
  IceCv (visited)         Gauntlet (visited)

Altars:
Ashenzari
Cheibriados
Dithmenos
Elyvilon
Fedhas
Gozag
Hepliaklqana
Kikubaaqudgha
Makhleb
Nemelex Xobeh
Okawaru
Qazlal
Ru
Sif Muna
Trog
Uskayaw
Vehumet
Wu Jian
Xom
Yredelemnul
Zin
The Shining One
Jiyva

Shops:
D:1 ?   D:6 =   D:9 *   D:11 (   Orc:2 *[=(   Elf:3 (   Snake:3 **   Depths:1 ?
Depths:2 *(:*?

Portals:
Hell: Depths:1 Depths:2
Abyss: Depths:3
Pandemonium: Depths:1 Depths:2
Ziggurat: Depths:2

Annotations:
D:7 dig
Lair:4 2 transporters, Rafuutu's ghost, journeyman DDFi
Swamp:2 3 runed translucent doors, Enogimy's ghost, journeyman SpHu
Snake:3 3 runed translucent doors, Zoimialu's ghost, adept OpHW
Snake:4 2 transporters, Xitaol's ghost, adept SpEn


Innate Abilities, Weirdness & Mutations

You are completely covered in rugged brown scales. (AC +3, +7% HP)
Armour fits poorly on your strangely shaped body.
You have a long armoured tail.
You roll when moving toward enemies. (Rampage)
Your long tongue fully drains potion bottles. (2x potion effects)
Your tongue gives you trouble enunciating. (1.5x scroll delay)


Message History

Found six items.
A spriggan air mage and a quicksilver dragon come into view.
Found 31 gold pieces.
The spriggan air mage shouts!
The spark wasp buzzes angrily.
The spark wasp bursts into living lightning!
The living lightning hits the titan.
The titan completely resists.
The living lightning hits you.
The spark wasp blinks!
A spark wasp comes into view.
The spriggan rider hits you from afar with a +0 spear!
The spriggan defender misses you.
The walking earthen tome erupts in a flurry of living spells! x2
The spriggan rider hits you with a +0 spear!
The titan hits you but does no damage. x2
A spark wasp comes into view.
A tengu reaver comes into view. It is wielding a +0 bardiche.
The spriggan rider hits you from afar with a +0 spear!
The spark wasp moves out of view.
There is a large open door, spattered with blood here.
As you slowly read the scroll of teleportation, it crumbles to dust.
You feel strangely unstable.
The spriggan defender hits you but does no damage.
You are electrocuted!!
* * * LOW HITPOINT WARNING * * *
The spark wasp stings you but does no damage.
The spriggan defender hits you with a +7 lajatang of electrocution!
* * * LOW HITPOINT WARNING * * *
You are electrocuted!
* * * LOW HITPOINT WARNING * * *
The spriggan rider hits you but does no damage.
The titan hits you but does no damage. The titan hits you!
* * * LOW HITPOINT WARNING * * *
The spark wasp stings you.
* * * LOW HITPOINT WARNING * * *
The spark wasp shocks you!
* * * LOW HITPOINT WARNING * * *
The spriggan rider hits you but does no damage.
The spriggan defender hits you but does no damage.
The titan hits you but does no damage.
The spriggan rider hits you with a +0 spear!
You die...

#.##~~..#####......#####[..#
#.##~...#######..#######...###
+.###.......###### #.........####
#..§.)####....# #....####.......
#....#'##'#..######..#+##'#.#####
#....##..##.#'#})#+#. #..##....#
####.##=.#####....### #:.##....+
....#+### ##.y## ###'#....# .....
#i@# #####.....# #..... ...


#iCCi# #.........# #..... ..# #.*....# ##........# ..####...# #..*iy*..#
#...####..# .#'##+ ..##$.;*;..D.$##[)#'##+ .# [##..# ..##)..*}i...|##..##).# .#
[##!!##..##|...y"...[##.[##.=# .# )#'##'#..##$...Qy...$##..#'##+#.. ..####...#
#...####..# You could see 2 titans, 2 walking earthen tomes, a quicksilver
dragon, a tengu reaver (wandering), a spriggan defender, 4 spark wasps, 2
spriggan riders, a spriggan berserker (wandering), a spriggan air mage (repels
missiles) and 5 living spells.

Vanquished Creatures
  An ancient lich (Vaults:1)
  Mara (Vaults:3)
  Saint Roka (Depths:1)
  Frederick (Vaults:2)
  Xtahua (Vaults:3)
  the Lernaean hydra (Swamp:4)
  Nikola (Swamp:2)
  Zenata (Elf:3)
  A tentacled monstrosity (Depths:3)
  Jorgrun (Swamp:3)
  A walking crystal tome (Depths:2)
  3 deep elf blademasters
  4 liches
  Asterion (Depths:1)
  A walking divine tome (Depths:3)
  A titan (Depths:2)
  2 deep elf master archers (Elf:3)
  2 ancient champions (Vaults:3)
  6 sphinxes
  Agnes (D:14)
  Gastronok (Lair:2)
  A tentacled starspawn (Abyss:3)
  A shadow dragon (Depths:3)
  A thorn hunter (Swamp:1)
  A tengu reaver (Vaults:2)
  16 nagarajas
  Roxanne (Snake:3)
  5 deep elf sorcerers (Elf:3)
  Louise (Snake:3)
  3 frost giants
  4 fire giants
  Aizul (Vaults:3)
  2 balrugs
  6 ghouls
  6 vault wardens
  A spriggan defender (Depths:2)
  A caustic shrike zombie (D:15)
  4 orc warlords
  3 deep elf elementalists (Elf:3)
  12 ironbound thunderhulks
  A caustic shrike skeleton (Depths:1)
  4 deep elf demonologists (Elf:3)
  14 ironbound preservers
  11 stone giants
  16 very ugly things
  3 war gargoyles
  2 vampire knights
  7 deep elf annihilators
  8 eleionomae
  10 bunyips
  4 spark wasps
  Azrael (D:14)
  A minotaur (Gauntlet)
  21 dire elephants
  2 ettins (Depths:2)
  7 deep elf death magi (Elf:3)
  A crystal guardian (Vaults:3)
  4 fire dragons
  A shambling mangrove (Swamp:4)
  10 yaktaur captains
  Josephine (D:11)
  7 great orbs of eyes
  3 peacekeepers
  An entropy weaver (Vaults:2)
  4 deep elf high priests
  Erolcha (D:10)
  2 vault guards
  21 hydras
  A rakshasa (Depths:1)
  4 spriggan air magi
  5 ice dragons
  3 catoblepae
  8 anacondas
  11 alligators
  A ghost crab (Lair:3)
  10 boulder beetles
  16 centaur warriors
  22 dancing weapons
  5 ironbound frosthearts
  5 two-headed ogres
  15 death yaks
  6 deep troll shamans
  9 deep troll earth magi
  Urug (Lair:1)
  19 naga warriors
  A death scarab (Gauntlet)
  5 orc high priests
  4 tengu warriors
  6 shock serpents
  4 spriggan berserkers
  20 naga sharpshooters
  2 thrashing horrors (Abyss:3)
  Sonja (Lair:5)
  A storm dragon zombie (Depths:1)
  14 deep elf knights
  A sixfirhy (Depths:1)
  4 iron trolls
  6 skeletal warriors
  7 salamander mystics
  6 bog bodies
  6 goliath frogs
  A wretched star (Gauntlet)
  A glowing orange brain (shapeshifter) (Depths:1)
  2 glowing orange brains
  7 spriggan druids
  8 sea snakes
  56 deep trolls
  A shadow dragon zombie (Depths:1)
  10 naga ritualists
  13 swamp dragons
  14 ironbound convokers
  6 harpies (Vaults:1)
  19 deep elf zephyrmancers
  A spectral hydra (Lair:3)
  13 wizards
  17 deep elf archers
  3 phantasmal warriors
  Pikel (D:5)
  13 lindwurms
  5 mana vipers
  4 necromancers
  15 salamanders
  7 orc sorcerers
  24 deep elf pyromancers
  2 wolf spiders
  31 ugly things
  2 cyclopes
  3 manticores
  12 orc knights
  3 will-o-the-wisps
  18 elephants
  A tengu skeleton (D:15)
  Joseph (Lair:1)
  A moth of wrath (Vaults:4)
  3 ice statues (IceCv)
  2 rust devils (Depths:1)
  35 black mambas
  A worldbinder (Abyss:3)
  15 naga magi
  A water nymph (shapeshifter) (Depths:1)
  9 vault sentinels
  2 gargoyles
  3 guardian serpents
  13 cane toads
  A torpor snail (Lair:2)
  2 eyes of devastation (Depths:2)
  A cane toad (shapeshifter) (D:14)
  2 kobold demonologists
  11 komodo dragons
  An efreet (D:15)
  3 unseen horrors
  4 rime drakes
  An ice devil (Depths:2)
  2 tengu conjurers (Depths:3)
  A freezing wraith (Vaults:4)
  2 anaconda simulacra (IceCv)
  47 yaktaurs
  Psyche (D:11)
  A guardian mummy (D:15)
  A queen bee (shapeshifter) (Elf:3)
  A bloated husk (Swamp:1)
  3 red devils
  3 polar bears
  8 trolls
  16 tyrant leeches
  5 hornets
  A large abomination (Abyss:3)
  21 blink frogs
  A raiju (Abyss:3)
  5 dream sheep
  18 slime creatures
  2 spectral black mambas
  Sigmund (D:6)
  A centaur simulacrum (D:15)
  5 water elementals
  A flying skull (Vaults:3)
  8 spriggans
  A wyvern (shapeshifter) (D:15)
  5 shadows
  4 wraiths
  2 vampires
  18 humans (D:14)
  4 wyverns
  Grum (D:10)
  60 yaks
  6 basilisks
  2 chaos spawn
  A steam dragon (D:6)
  3 death yak simulacra (IceCv)
  5 fire elementals (D:14)
  A neqoxec (Depths:2)
  Eustachio (D:5)
  3 redbacks (Vaults:2)
  A yaktaur simulacrum (Vaults:4)
  14 vampire mosquitoes
  2 tengu zombies
  Edmund (D:5)
  9 swamp worms
  35 nagas
  A water moccasin (shapeshifter) (Elf:1)
  18 water moccasins
  A floating eye (Depths:2)
  Duvessa (D:5)
  A hell hound (D:14)
  A meliai simulacrum (D:14)
  8 swamp drakes
  An ice beast (D:6)
  41 orc warriors
  5 black bears
  8 ogres
  2 centaurs
  33 wolves
  2 phantoms
  The ghost of Stoves66 the Magician, an amateur DEFE (D:3)
  17 kobold brigands
  24 bullfrogs
  A wyvern zombie (D:3)
  A gnoll sergeant (D:7)
  An earth elemental (Elf:2)
  A necrophage (Swamp:4)
  4 scorpions
  8 wights
  A small abomination (Gauntlet)
  Dowan (D:5)
  6 killer bees (D:9)
  An elephant simulacrum (IceCv)
  4 howler monkeys
  13 electric eels
  A centaur zombie (D:3)
  2 jellies (D:6)
  3 gnoll boudas
  30 orc priests
  3 hounds
  2 iguanas
  25 orc wizards
  10 hell rats
  A wolf simulacrum (IceCv)
  2 polar bear simulacra (IceCv)
  A howler monkey skeleton (D:3)
  18 gnolls
  10 adders
  6 river rats
  4 shadow imps
  13 white imps
  An ufetubus (D:4)
  2 worms
  5 dart slugs
  87 orcs
  12 endoplasms
  2 giant cockroaches (D:3)
  7 hobgoblins
  2 jackals (Sewer)
  27 kobolds
  10 quokkas
  3 training dummies (Elf:3)
  11 ball pythons
  15 bats
  6 frilled lizards
  11 goblins
  8 rats
  A starspawn tentacle (Abyss:3)
1807 creatures vanquished.

Vanquished Creatures (others)
  A fire giant zombie (D:15)
  A hornet (Swamp:1)
  5 bloated husks
  An orc priest (Orc:1)
  An orc (Orc:1)
  A bush (Lair:2)
  13 foxfires
  78 fungi
  101 plants
  A starspawn tentacle (Abyss:3)
  A withered plant (D:15)
204 creatures vanquished.

Grand Total: 2011 creatures vanquished

Notes
Turn   | Place    | Note
-------+----------+-------------------------------------------
     0 | D:1      | mopl the Armataur Gladiator began the quest for the Orb.
     0 | D:1      | Reached XP level 1. HP: 18/18 MP: 1/1
   111 | D:1      | Reached skill level 2 in Fighting
   111 | D:1      | Reached skill level 3 in Staves
   130 | D:1      | Reached XP level 2. HP: 19/25 MP: 2/2
   427 | D:1      | Reached XP level 3. HP: 28/31 MP: 3/3
   449 | D:1      | Found Nuses's Magic Scroll Shoppe.
   454 | D:1      | Bought a scroll of identify for 22 gold pieces
   454 | D:1      | Bought a scroll of identify for 22 gold pieces
   454 | D:1      | Bought a scroll of identify for 22 gold pieces
  1237 | D:1      | Bought a scroll of fog for 44 gold pieces
  1237 | D:1      | Bought a scroll of immolation for 44 gold pieces
  1443 | D:2      | Reached skill level 4 in Staves
  1443 | D:2      | Reached XP level 4. HP: 31/39 MP: 4/4
  1643 | D:3      | Found a faded altar of an unknown god.
  1832 | D:3      | Noticed a water elemental
  1897 | D:3      | Found a runed translucent gate.
  1931 | D:3      | Found a glowing drain.
  1948 | Sewer    | Entered a sewer
  1957 | Sewer    | Reached skill level 3 in Fighting
  1961 | Sewer    | Reached XP level 5. HP: 40/48 MP: 5/5
  2212 | Sewer    | Reached skill level 5 in Staves
  2684 | D:3      | Found a runed translucent gate.
  2685 | D:3      | Found a runed translucent gate.
  2688 | D:3      | Noticed Stoves66's ghost (amateur DEFE)
  2700 | D:3      | Found a stormy altar of Qazlal.
  2702 | D:3      | Noticed an air elemental
  2703 | D:3      | Noticed a fire elemental
  2821 | D:1      | Bought a scroll of vulnerability for 44 gold pieces
  2973 | D:3      | Found a sacrificial altar of Ru.
  3134 | D:3      | Reached XP level 6. HP: 54/54 MP: 6/6
  3258 | D:4      | Found a transporter.
  3279 | D:4      | Found a transporter.
  3366 | D:4      | Found a shimmering blue altar of Sif Muna.
  3472 | D:4      | Reached skill level 4 in Fighting
  3472 | D:4      | Reached skill level 6 in Staves
  4076 | D:5      | Entered Level 5 of the Dungeon
  4143 | D:4      | Reached XP level 7. HP: 48/63 MP: 7/7
  4267 | D:5      | Noticed Eustachio
  4320 | D:5      | Killed Eustachio
  4390 | D:4      | Reached skill level 7 in Staves
  4442 | D:5      | Reached skill level 5 in Fighting
  4620 | D:5      | Noticed Duvessa
  4621 | D:5      | Noticed Edmund
  4621 | D:5      | Noticed Dowan
  4731 | D:1      | Bought a scroll of magic mapping for 82 gold pieces
  4935 | D:5      | Killed Duvessa
  4936 | D:5      | Reached XP level 8. HP: 65/72 MP: 8/8
  4978 | D:5      | Killed Dowan
  4979 | D:5      | Reached skill level 2 in Throwing
  4979 | D:5      | Reached skill level 1 in Armour
  5135 | D:5      | Killed Edmund
  5454 | D:6      | Noticed Pikel
  5473 | D:5      | Killed Pikel
  5474 | D:5      | Reached skill level 8 in Staves
  5474 | D:5      | Reached skill level 2 in Armour
  5646 | D:6      | Reached skill level 7 in Fighting
  5646 | D:6      | Reached skill level 11 in Staves
  5646 | D:6      | Reached skill level 6 in Throwing
  5646 | D:6      | Reached skill level 7 in Armour
  5646 | D:6      | Reached skill level 5 in Dodging
  5646 | D:6      | Reached XP level 9. HP: 85/85 MP: 9/9
  5646 | D:6      | Reached XP level 10. HP: 94/94 MP: 10/10
  5691 | D:6      | Noticed Sigmund
  5706 | D:6      | Killed Sigmund
  5977 | D:6      | Found a hazy altar of Hepliaklqana.
  6226 | D:6      | Found Niodin's Jewellery Emporium.
  6555 | D:1      | Bought a scroll of enchant weapon for 82 gold pieces
  6830 | D:7      | Found a shimmering altar of Xom.
  6830 | D:7      | Found a shimmering altar of Xom.
  6830 | D:7      | Found a shimmering altar of Xom.
  6830 | D:7      | Found a shimmering altar of Xom.
  6830 | D:7      | Found a shimmering altar of Xom.
  6832 | D:7      | Found a shimmering altar of Xom.
  7277 | D:7      | Found a staircase to the Ecumenical Temple.
  7335 | Temple   | Entered the Ecumenical Temple
  7385 | D:7      | Found a shimmering altar of Xom.
  7431 | D:7      | Reached XP level 11. HP: 98/100 MP: 11/11
  7858 | D:8      | Noticed a two-headed ogre
  7871 | D:7      | Reached skill level 8 in Fighting
  7871 | D:7      | Reached skill level 1 in Evocations
  7907 | D:8      | Identified the +3 rapier of Sulphur {freeze, Int+5}
  7975 | D:8      | Killed a two-headed ogre
  7976 | D:8      | Reached skill level 8 in Armour
  8012 | D:8      | Found an opulent altar of Gozag.
  8043 | D:8      | Found an iron altar of Okawaru.
  8049 | D:8      | Became a worshipper of Warmaster Okawaru
  8162 | D:8      | Found a blossoming altar of Fedhas.
  8538 | D:8      | Found a shadowy altar of Dithmenos.
  8694 | D:8      | Reached skill level 1 in Invocations
  8704 | D:8      | Reached skill level 2 in Evocations
  8707 | D:8      | Reached * piety under Okawaru
  9011 | D:9      | Reached ** piety under Okawaru
  9076 | D:9      | Noticed a boulder beetle
  9094 | D:9      | Killed a boulder beetle
  9104 | D:9      | Noticed a two-headed ogre
  9137 | D:9      | Killed a two-headed ogre
  9138 | D:9      | Reached skill level 2 in Invocations
  9169 | D:9      | Found a large runed translucent door.
  9177 | D:9      | Found a large runed translucent door.
  9235 | D:9      | Identified the +1 scale mail of the Elven Halls {rPois rF+
                  | Str+4 Int+5}
  9316 | D:9      | Found a glowing silver altar of Zin.
  9379 | D:9      | Found a snail-covered altar of Cheibriados.
  9419 | D:9      | Found Gud Qem's Assorted Antiques.
  9421 | D:9      | Identified a scroll of acquirement
  9475 | D:9      | Acquired 1179 gold pieces
  9491 | D:9      | Reached skill level 12 in Staves
  9602 | D:6      | Bought the ring "Ecyaxzu" {Will+ Slay+4} for 996 gold
                  | pieces
  9760 | D:9      | Reached skill level 3 in Evocations
  9973 | D:9      | Found an ancient bone altar of Kikubaaqudgha.
  9982 | D:9      | Found a hide-covered altar of Uskayaw.
 10015 | D:10     | Entered Level 10 of the Dungeon
 10036 | D:10     | Found a bloodstained altar of Trog.
 10036 | D:10     | Identified the +1 robe of the King of the Hill {Str+5}
 10227 | D:10     | Found a staircase to the Lair.
 10254 | D:10     | Reached skill level 6 in Dodging
 10280 | D:10     | Reached skill level 7 in Throwing
 10283 | D:10     | Reached XP level 12. HP: 64/110 MP: 13/13
 10555 | D:10     | Reached *** piety under Okawaru
 10556 | D:10     | Reached skill level 9 in Armour
 10626 | D:10     | Identified the +1 short sword of the Skies Above {elec, rF+
                  | Str+6 Dex-5 SInv}
 10683 | D:10     | Noticed Erolcha
 10723 | D:10     | Killed Erolcha
 10752 | D:10     | Noticed a two-headed ogre
 10765 | D:10     | Killed a two-headed ogre
 10966 | D:10     | Noticed Grum
 10972 | D:10     | Reached skill level 3 in Invocations
 10980 | D:10     | Killed Grum
 11095 | D:10     | Found a glowing golden altar of the Shining One.
 11256 | D:11     | Noticed a two-headed ogre
 11262 | D:11     | Killed a two-headed ogre
 11276 | D:11     | Found a staircase to the Orcish Mines.
 11361 | D:11     | Noticed Psyche
 11362 | D:11     | Found a frozen archway.
 11367 | D:11     | Killed Psyche
 11407 | IceCv    | Entered an ice cave
 11423 | IceCv    | Reached skill level 4 in Evocations
 11435 | IceCv    | Identified the +6 mace of Inflation {heavy, Fly rN++ Dex-3}
 11785 | IceCv    | Got the Omnibus of Different Impurities
 12096 | D:11     | Noticed Josephine
 12115 | D:11     | Killed Josephine
 12121 | D:11     | Reached skill level 9 in Fighting
 12290 | D:11     | Noticed a boulder beetle
 12306 | D:11     | Killed a boulder beetle
 12306 | D:11     | Reached **** piety under Okawaru
 12351 | D:11     | Noticed a boulder beetle
 12368 | D:11     | Killed a boulder beetle
 12369 | D:11     | Reached skill level 4 in Invocations
 12555 | D:11     | Noticed a boulder beetle
 12566 | D:11     | Killed a boulder beetle
 12585 | D:11     | Found Burua's Weapon Shoppe.
 12740 | Lair:1   | Entered Level 1 of the Lair of Beasts
 12745 | Lair:1   | Reached XP level 13. HP: 117/118 MP: 13/16
 12751 | Lair:1   | Noticed Joseph
 12764 | Lair:1   | Killed Joseph
 12839 | Lair:1   | Reached skill level 13 in Staves
 12987 | Lair:1   | Received a gift from Okawaru
 13235 | Lair:1   | Reached skill level 10 in Armour
 13235 | Lair:1   | Reached skill level 5 in Evocations
 13305 | Lair:1   | Noticed Urug
 13318 | Lair:1   | Killed Urug
 13318 | Lair:1   | Received a gift from Okawaru
 14116 | Lair:2   | Received a gift from Okawaru
 14365 | Lair:2   | Reached skill level 8 in Throwing
 14393 | Lair:2   | Received a gift from Okawaru
 14394 | Lair:2   | Reached skill level 5 in Invocations
 14481 | Lair:2   | Reached skill level 7 in Dodging
 15141 | Lair:2   | Noticed Gastronok
 15151 | Lair:2   | Killed Gastronok
 15151 | Lair:2   | Reached ***** piety under Okawaru
 15522 | Lair:3   | Received a gift from Okawaru
 15597 | Lair:3   | Reached skill level 6 in Evocations
 15965 | Lair:3   | Received a gift from Okawaru
 15966 | Lair:3   | Reached XP level 14. HP: 75/127 MP: 16/18
 16002 | Lair:3   | Received a gift from Okawaru
 16012 | Lair:3   | Reached skill level 11 in Armour
 16462 | Lair:3   | Found a staircase to the Swamp.
 16529 | Lair:3   | Found a staircase to the Snake Pit.
 16887 | Lair:4   | Found a gate leading to a gauntlet.
 16898 | Gauntlet | Entered a Gauntlet
 16898 | Gauntlet | Found a transporter.
 16901 | Gauntlet | Found a large runed translucent door.
 16902 | Gauntlet | Found a large runed translucent door.
 16903 | Gauntlet | Found a large runed translucent door.
 16903 | Gauntlet | Found a large runed translucent door.
 16903 | Gauntlet | Found a runed translucent door.
 16903 | Gauntlet | Found a runed translucent door.
 16904 | Gauntlet | Found a large runed translucent door.
 16905 | Gauntlet | Found a large runed translucent door.
 16906 | Gauntlet | Found a large runed translucent door.
 16906 | Gauntlet | Found a large runed translucent door.
 16907 | Gauntlet | Found a large runed translucent door.
 16907 | Gauntlet | Found a large runed translucent door.
 16907 | Gauntlet | Found a large runed translucent door.
 16907 | Gauntlet | Found a large runed translucent door.
 16908 | Gauntlet | Found a large runed translucent door.
 16908 | Gauntlet | Found a large runed translucent door.
 16909 | Gauntlet | Found a large runed translucent door.
 16909 | Gauntlet | Found a transporter.
 16909 | Gauntlet | Found a large runed translucent door.
 16911 | Gauntlet | Found a transporter.
 16913 | Gauntlet | Found a transporter.
 16921 | Gauntlet | Found a runed translucent gate.
 16921 | Gauntlet | Found a runed translucent gate.
 16921 | Gauntlet | Found a runed translucent gate.
 16923 | Gauntlet | Found a transporter.
 16942 | Gauntlet | Found a transporter.
 16949 | Gauntlet | Found a transporter.
 16955 | Gauntlet | Noticed a balrug
 16967 | Gauntlet | Found a transporter.
 16987 | Gauntlet | Found a transporter.
 16999 | Gauntlet | Found a transporter.
 17011 | Gauntlet | Found a transporter.
 17023 | Gauntlet | Found a transporter.
 17035 | Gauntlet | Found a transporter.
 17053 | Gauntlet | Found a transporter.
 17073 | Gauntlet | Found a transporter.
 17075 | Gauntlet | Found a transporter.
 17113 | Gauntlet | Found a transporter.
 17115 | Gauntlet | Found a transporter.
 17141 | Gauntlet | Reached skill level 14 in Staves
 17141 | Gauntlet | Reached skill level 6 in Invocations
 17188 | Gauntlet | Received a gift from Okawaru
 17195 | Gauntlet | Identified the +2 helmet "Otaufagu" {rC+ rCorr}
 17330 | Gauntlet | Identified the ring "Voetautu" {Str+6 Dex+4}
 17335 | Gauntlet | Identified the +6 sling "Geuschoj" {elec, rElec Str+3
                  | Stlth-}
 17587 | Lair:4   | Reached skill level 10 in Fighting
 17900 | Lair:4   | Found a transporter.
 17900 | Lair:4   | Noticed Rafuutu's ghost (journeyman DDFi)
 17902 | Lair:4   | Found a transporter.
 17934 | Lair:4   | Identified the +2 cloak of Honesty {rF+} (Okawaru gifted it
                  | to you on level 4 of the Lair of Beasts)
 17934 | Lair:4   | Received a gift from Okawaru
 18044 | Lair:4   | Reached skill level 7 in Evocations
 18105 | Lair:4   | Reached skill level 9 in Throwing
 18469 | Lair:5   | Entered Level 5 of the Lair of Beasts
 18658 | Lair:5   | Reached skill level 7 in Invocations
 18677 | Lair:5   | Reached skill level 8 in Dodging
 19240 | Lair:5   | Reached skill level 12 in Armour
 19246 | Lair:5   | Reached XP level 15. HP: 101/136 MP: 18/20
 19731 | Lair:5   | Received a gift from Okawaru
 19746 | Lair:5   | Found a staircase to the Slime Pits.
 19747 | Lair:5   | Found a viscous altar of Jiyva.
 19901 | Lair:5   | Reached skill level 8 in Evocations
 19982 | Lair:5   | Acquired 880 gold pieces
 20097 | Lair:5   | Noticed Sonja
 20102 | Lair:5   | Killed Sonja
 20594 | D:3      | Killed Stoves66's ghost
 20825 | Orc:1    | Entered Level 1 of the Orcish Mines
 20825 | Orc:1    | You fall into a shaft and drop 1 floor!
 20825 | Orc:2    | Entered Level 2 of the Orcish Mines
 20870 | Orc:2    | Found a gateway to a bazaar.
 21744 | Orc:2    | Received a gift from Okawaru
 21745 | Orc:2    | Reached skill level 8 in Invocations
 21757 | Orc:2    | Reached skill level 11 in Fighting
 22270 | Orc:2    | Reached skill level 10 in Throwing
 22720 | Orc:2    | Found a staircase to the Elven Halls.
 22744 | Orc:2    | Received a gift from Okawaru
 22941 | Orc:2    | Found Konaoqum's Antique Armour Emporium.
 22942 | Orc:2    | Found Ocke's Antique Weapon Shoppe.
 22944 | Orc:2    | Found Esov's General Store.
 22944 | Orc:2    | Found Ewae's Jewellery Emporium.
 23384 | D:12     | Acquired a +3 lajatang of pain
 23501 | D:12     | Identified the +3 glaive "Wigup" {antimagic, rC+}
 23632 | D:12     | Reached skill level 13 in Armour
 23899 | D:13     | Received a gift from Okawaru
 24122 | D:13     | Reached skill level 9 in Evocations
 24806 | D:14     | Received a gift from Okawaru
 24807 | D:14     | Reached XP level 16. HP: 123/147 MP: 17/22
 24945 | D:14     | Found a gate to the Vaults.
 24945 | Abyss:3  | Cast into level 3 of the Abyss (a wizard)
 25012 | Abyss:3  | Reached skill level 9 in Dodging
 25100 | Abyss:3  | Reached skill level 9 in Invocations
 25106 | Abyss:3  | Noticed a tentacled starspawn
 25112 | Abyss:3  | Killed a tentacled starspawn
 25113 | Abyss:3  | Reached skill level 1 in Stealth
 25118 | D:14     | Escaped the Abyss
 25352 | D:14     | Noticed Agnes
 25361 | D:14     | Killed Agnes
 25429 | D:14     | Noticed Azrael
 25437 | D:14     | Killed Azrael
 25444 | D:14     | Reached skill level 2 in Stealth
 25492 | D:15     | Entered Level 15 of the Dungeon
 25632 | D:15     | Received a gift from Okawaru
 25753 | D:15     | Reached ****** piety under Okawaru
 25799 | D:15     | Identified the +1 ring mail "Nydaunumn" {Int+2} (Okawaru
                  | gifted it to you on level 15 of the Dungeon)
 25799 | D:15     | Received a gift from Okawaru
 26035 | D:15     | Found a staircase to the Depths.
 27403 | Snake:1  | Entered Level 1 of the Snake Pit
 27418 | Snake:1  | Reached skill level 3 in Stealth
 28504 | Snake:1  | Reached skill level 11 in Throwing
 29099 | Snake:2  | Identified the +2 quarterstaff "Ipires" {antimagic, Int+4}
 29139 | Snake:1  | Reached skill level 14 in Armour
 29161 | Snake:1  | Reached skill level 4 in Stealth
 29348 | Snake:2  | Reached skill level 10 in Invocations
 29348 | Snake:2  | Reached skill level 10 in Evocations
 29519 | Snake:2  | Reached skill level 12 in Fighting
 30496 | Snake:2  | Received a gift from Okawaru
 30860 | Snake:2  | Reached XP level 17. HP: 125/142 MP: 21/24
 30884 | Snake:2  | Found a shimmering altar of Xom.
 31355 | Snake:3  | Identified the +1 hat of Okawaru's Scorn {Str+8 Dex+3
                  | Stlth-} (Okawaru gifted it to you on level 3 of the Snake
                  | Pit)
 31355 | Snake:3  | Received a gift from Okawaru
 31867 | Snake:2  | Reached skill level 5 in Stealth
 31947 | Snake:3  | Noticed Roxanne
 31969 | Snake:3  | Killed Roxanne
 32425 | Snake:4  | Entered Level 4 of the Snake Pit
 33005 | Snake:3  | Noticed Zoimialu's ghost (adept OpHW)
 33005 | Snake:3  | Found a runed translucent gate.
 33005 | Snake:3  | Found a runed translucent gate.
 33020 | Snake:3  | Found a runed translucent gate.
 33079 | Snake:3  | Reached skill level 11 in Invocations
 33266 | Snake:3  | Found Etzad's General Store.
 33272 | Snake:3  | Found Ighotief's Specific Store.
 33300 | Snake:3  | Bought a potion of heal wounds for 85 gold pieces
 33506 | Snake:3  | Found a radiant altar of Vehumet.
 33975 | Snake:4  | Noticed Louise
 33983 | Snake:4  | Identified the +1 robe of the Barber Surgeon {Stlth+}
                  | (Okawaru gifted it to you on level 4 of the Snake Pit)
 33983 | Snake:4  | Received a gift from Okawaru
 34002 | Snake:3  | Killed Louise
 34003 | Snake:3  | Reached skill level 6 in Stealth
 35013 | Snake:3  | Reached skill level 10 in Dodging
 36057 | Snake:3  | Reached skill level 11 in Evocations
 36330 | Snake:4  | Reached skill level 12 in Invocations
 36552 | Snake:4  | Acquired the +10 Black Knight's barding {ponderous, rPois
                  | rN+}
 36552 | Snake:4  | Found the +10 Black Knight's barding {ponderous, rPois rN+}
 36583 | Snake:4  | Reached skill level 15 in Armour
 36583 | Snake:4  | Reached XP level 18. HP: 144/166 MP: 23/27
 36590 | Snake:4  | Reached skill level 7 in Stealth
 36651 | Snake:4  | Received a gift from Okawaru
 36683 | Snake:4  | Got a serpentine rune of Zot
 36761 | Snake:4  | Noticed Xitaol's ghost (adept SpEn)
 36788 | Snake:4  | Found a transporter.
 36892 | Snake:4  | Found a transporter.
 37478 | Swamp:1  | Entered Level 1 of the Swamp
 37611 | Swamp:1  | Received a gift from Okawaru
 37704 | Swamp:1  | Reached skill level 12 in Throwing
 38423 | Swamp:2  | Found a runed translucent gate.
 38424 | Swamp:2  | Found a runed translucent gate.
 38424 | Swamp:2  | Noticed Enogimy's ghost (journeyman SpHu)
 38558 | Swamp:2  | Noticed Nikola
 38875 | Swamp:2  | Killed Nikola
 39039 | Swamp:2  | Found a runed translucent gate.
 39175 | Swamp:2  | Reached skill level 8 in Stealth
 39177 | Swamp:2  | Reached skill level 13 in Fighting
 39942 | Swamp:3  | Reached skill level 13 in Invocations
 40002 | Swamp:3  | Noticed Jorgrun
 40018 | Swamp:3  | Killed Jorgrun
 40046 | Swamp:3  | Received a gift from Okawaru
 40743 | Swamp:4  | Entered Level 4 of the Swamp
 40792 | Swamp:4  | Received a gift from Okawaru
 41348 | Swamp:4  | Noticed the 27-headed Lernaean hydra
 41357 | Swamp:4  | Killed the 27-headed Lernaean hydra
 41371 | Swamp:4  | Received a gift from Okawaru
 41441 | Swamp:4  | Reached XP level 19. HP: 135/174 MP: 23/29
 41523 | Swamp:4  | Got a decaying rune of Zot
 41742 | Swamp:4  | Received a gift from Okawaru
 41886 | Swamp:4  | Reached skill level 9 in Stealth
 42393 | Elf:1    | Entered Level 1 of the Elven Halls
 42537 | Elf:1    | Received a gift from Okawaru
 42719 | Elf:1    | Identified the +0 pair of boots "Owon" {rF+ rC+ Int+5}
 42732 | Elf:1    | Reached skill level 12 in Evocations
 43055 | Elf:2    | Reached skill level 16 in Armour
 43121 | Elf:2    | Found a runed translucent gate.
 43121 | Elf:2    | Found a runed translucent gate.
 43121 | Elf:2    | Found a runed translucent gate.
 43269 | Elf:2    | Reached skill level 14 in Invocations
 43359 | Elf:2    | Received a gift from Okawaru
 44059 | Elf:2    | Reached skill level 11 in Dodging
 44388 | Elf:3    | Entered Level 3 of the Elven Halls
 44485 | Elf:3    | Identified the +4 plate armour "Cayvell" {rC+} (Okawaru
                  | gifted it to you on level 3 of the Elven Halls)
 44485 | Elf:3    | Received a gift from Okawaru
 44800 | Elf:3    | Noticed Zenata
 44835 | Elf:2    | HP: 6/176 [poisoned by a +0 glaive of venom]
 45249 | Elf:3    | Identified the +3 great sword of Duty {flame, rPois}
 45466 | Elf:3    | Identified the ring "Raxasi Vibao" {Drain +Blink rPois
                  | Str+3 Slay+3}
 45813 | Elf:3    | Reached skill level 10 in Stealth
 46106 | Elf:3    | Identified the ring of Fuits {Str+6 Int+2}
 46512 | Elf:3    | Reached skill level 13 in Throwing
 46869 | Elf:3    | Reached XP level 20. HP: 179/185 MP: 29/31
 46910 | Elf:3    | Killed Zenata
 47052 | Elf:3    | Found Wiuzan's Firing Range.
 47121 | Elf:3    | Identified the ring "Kono" {Fly Str-4 Int+8 Slay-2 SInv}
 47146 | Elf:3    | Reached skill level 15 in Invocations
 47232 | Elf:3    | Received a gift from Okawaru
 47421 | Elf:3    | Identified the +5 trident "Juczoefo" {flame, rC- Will+
                  | SInv}
 47985 | Bazaar   | Entered a bazaar
 47989 | Bazaar   | Found Emextute's Distillery.
 48015 | Bazaar   | Found Uczinis's Weapon Emporium.
 48070 | Bazaar   | Found Jadyte's Armour Shoppe.
 48117 | Bazaar   | Found Tuggag's Distillery.
 48161 | Bazaar   | Found Buast's Magic Scroll Emporium.
 48166 | Bazaar   | Bought a scroll of poison for 32 gold pieces
 48166 | Bazaar   | Bought a scroll of teleportation for 24 gold pieces
 48166 | Bazaar   | Bought a scroll of acquirement for 416 gold pieces
 48166 | Bazaar   | Acquired 1200 gold pieces
 48187 | Bazaar   | Bought a potion of curing for 27 gold pieces
 48187 | Bazaar   | Bought a potion of cancellation for 72 gold pieces
 48187 | Bazaar   | Bought 2 potions of lignification for 54 gold pieces
 48187 | Bazaar   | Bought a potion of haste for 90 gold pieces
 48187 | Bazaar   | Bought a potion of mutation for 72 gold pieces
 48187 | Bazaar   | Bought a potion of curing for 27 gold pieces
 48187 | Bazaar   | Bought 2 potions of curing for 54 gold pieces
 48389 | Vaults:1 | Entered Level 1 of the Vaults
 48491 | Vaults:1 | You fall into a shaft and drop 1 floor!
 48857 | Vaults:2 | Noticed Frederick
 48873 | Vaults:2 | Killed Frederick
 48906 | Vaults:1 | Reached skill level 14 in Fighting
 49394 | Vaults:1 | Reached skill level 13 in Evocations
 49441 | Vaults:1 | Noticed an ancient lich
 49717 | Vaults:1 | Reached skill level 17 in Armour
 49735 | Vaults:1 | Reached skill level 11 in Stealth
 50120 | Vaults:1 | Killed an ancient lich
 50120 | Vaults:1 | Received a gift from Okawaru
 50258 | Vaults:1 | Received a gift from Okawaru
 50879 | Vaults:1 | Identified the +2 robe of Xeoshruz {rElec rC+} (Okawaru
                  | gifted it to you on level 1 of the Vaults)
 50879 | Vaults:1 | Received a gift from Okawaru
 51350 | Vaults:2 | Identified the +0 scale mail of Imperfection {rC+ rN+
                  | Will+}
 51493 | Vaults:2 | Reached skill level 16 in Invocations
 51911 | Vaults:2 | Reached XP level 21. HP: 132/194 MP: 23/33
 53250 | Vaults:3 | Received a gift from Okawaru
 53283 | Vaults:3 | HP: 7/194 [orc warlord/+2 great sword of electrocution
                  | (10)]
 53310 | Vaults:3 | Reached skill level 12 in Stealth
 53668 | Vaults:3 | Noticed Xtahua
 53683 | Vaults:3 | Killed Xtahua
 53993 | Vaults:3 | Noticed Mara
 54019 | Vaults:3 | Reached skill level 12 in Dodging
 54089 | Vaults:3 | Noticed mopl's illusion
 54110 | Vaults:3 | Killed Mara
 54161 | Vaults:3 | Reached skill level 14 in Throwing
 54260 | Vaults:3 | Found a staircase to the Crypt.
 54506 | Vaults:3 | Noticed Aizul
 54518 | Vaults:3 | Killed Aizul
 54726 | Vaults:3 | Reached skill level 17 in Invocations
 54872 | Vaults:4 | Reached skill level 14 in Evocations
 54983 | Vaults:4 | Reached skill level 18 in Armour
 55342 | Vaults:4 | Received a gift from Okawaru
 55343 | Vaults:4 | Reached XP level 22. HP: 186/204 MP: 7/34
 55356 | Vaults:4 | Reached skill level 15 in Fighting
 55690 | Vaults:4 | Reached skill level 13 in Stealth
 56486 | Depths:1 | Entered Level 1 of the Depths
 56508 | Depths:1 | Found an opulent altar of Gozag.
 56679 | Depths:1 | Noticed Asterion
 56693 | Depths:1 | Killed Asterion
 56884 | Depths:1 | Found a gateway to Hell.
 56997 | Depths:1 | Found Mucvev's Magic Scroll Boutique.
 57005 | Depths:1 | Bought a scroll of teleportation for 45 gold pieces
 57005 | Depths:1 | Bought a scroll of teleportation for 45 gold pieces
 57005 | Depths:1 | Bought 3 scrolls of teleportation for 135 gold pieces
 57005 | Depths:1 | Bought a scroll of fear for 60 gold pieces
 57174 | Depths:1 | Found a one-way gate leading to the halls of Pandemonium.
 57240 | Depths:1 | Noticed Saint Roka
 57247 | Depths:1 | Killed Saint Roka
 57505 | Depths:2 | Found a one-way gateway to a ziggurat.
 57665 | Depths:2 | Found Fohu's General Store.
 57674 | Depths:2 | Bought a scroll of teleportation for 51 gold pieces
 57674 | Depths:2 | Bought a scroll of teleportation for 51 gold pieces
 57809 | Depths:2 | Identified the ring "Jitsatoj" {rC+ MP+9 Dex+3}
 57935 | Depths:2 | Reached skill level 18 in Invocations
 58034 | Depths:2 | Found Naklon's Assorted Antiques.
 58042 | Depths:2 | Bought a scroll of blinking for 315 gold pieces
 58042 | Depths:2 | Bought a bloodstained shortbow for 336 gold pieces
 58042 | Depths:2 | Identified the +1 shortbow "Iro Hasi" {speed, rC+ rN+} (You
                  | bought it in a shop on level 2 of the Depths)
 58059 | Depths:2 | Found Ziept's Weapon Boutique.
 58074 | Depths:2 | Received a gift from Okawaru
 58096 | Depths:2 | Found Nemuf's Magic Scroll Emporium.
 58370 | Depths:2 | Bought a scroll of teleportation for 42 gold pieces
 58370 | Depths:2 | Bought a scroll of teleportation for 42 gold pieces
 58373 | Depths:2 | Found Naresad's Book Boutique.
 58396 | Depths:2 | Bought 3 atropa-tipped darts for 43 gold pieces
 58414 | Depths:2 | Noticed a caustic shrike
 58440 | Depths:2 | Received a gift from Okawaru
 58866 | Depths:2 | Received a gift from Okawaru
 58980 | Depths:2 | Found a white marble altar of Elyvilon.
 59140 | Depths:3 | Received a gift from Okawaru
 59273 | Depths:3 | Found a one-way gate to the infinite horrors of the Abyss.
 59332 | Depths:3 | Received a gift from Okawaru
 59339 | Depths:3 | Reached skill level 14 in Stealth
 59339 | Depths:3 | Reached XP level 23. HP: 174/214 MP: 12/36
 59403 | Depths:3 | Identified the +7 chain mail "Ofruocha" {Fly rF++ Str-4
                  | Stlth+} (Okawaru gifted it to you on level 3 of the Depths)
 59403 | Depths:3 | Received a gift from Okawaru
 59695 | Depths:3 | HP: 5/214 [spark wasp (14)]
 59695 | Depths:3 | Slain by a spriggan rider

Illustrated notes

Levels and vault maps discovered:
D:1:      sevenhm_arrival_forest_fort_small_3, layout_loops_ring, serial_shops,
          nicolae_shop_statue_plus, kennysheep_small_spiral
D:2:      layout_loops_cross, minmay_misc_feat_diagonals,
          chequers_serial_rivers_small_b
D:3:      layout_loops_cross, nicolae_ru_awakened_eye,
          nicolae_qazlal_style_of_elements, gup_sewer_entry_bubbles,
          dreamdust_ecumenical_altar_sealed_demon, gammafunk_ghost_necromancy,
          small_statue_intersection
D:4:      gammafunk_wand_slinger, layout_loops_corners,
          mainiacjoe_overflow_alcove_2
D:5:      layout_layer_cave, uniq_edmund, uniq_duvessa, uniq_eustachio
D:6:      layout_basic, mainiacjoe_overflow_24_doors, serial_shops, shop,
          uniq_sigmund, uniq_pikel
D:7:      layout_loops_ring, xom_shifter_show, minmay_temple_entry_poolview,
          nicolae_grassy_gnolls
D:8:      layout_cave_pools, grunt_dithmenos_shadows, okawaru_ov_weapons_minmay,
          mainiacjoe_overflow_cross_hatched,
          mainiacjoe_overflow_surrounded_room, special_room
          [special_room_kobold]
D:9:      layout_roguey, mainiacjoe_overflow_large_starburst,
          jmf_multi_god_temple2, serial_shops, nicolae_shop_stone
D:10:     wad_woods_pond, layout_basic,
          mainiacjoe_overflow_concentric_impassable, trog_three_pillars_becter,
          special_room [special_room_orc], uniq_grum, uniq_erolcha
D:11:     layout_roguey, orc_david_3, serial_glass, glass_columns_a,
          glass_columns_b, portal_ice_cave_entry_imps, serial_shops,
          kennysheep_little_box, uniq_psyche, uniq_josephine
D:12:     layout_cross, grunt_decor_junction, grunt_decor_arrowhead
D:13:     layout_basic, minmay_between
D:14:     layout_roguey, grunt_vaults_entry_tiered, hangedman_decor_push,
          solitary_fountain, uniq_agnes, uniq_azrael
D:15:     gammafunk_depths_entry_grave, layout_long_grid, roderic_roman_lattice
Temple:   hellmonk_temple_two_chambers
Lair:1:   layout_cave_pods, cheibrodos_lair_reptile_den, uniq_urug, uniq_joseph
Lair:2:   layout_chaotic_city, nicolae_lair_run_with_the_wolves,
          serial_bayou_shore_a, infiniplex_staircase_pool, grunt_megastairs_4,
          uniq_gastronok
Lair:3:   nzn_winding_woodlands_stair_trap
          [nzn_winding_woodlands_5x15_longhouse,
          nzn_winding_woodlands_5x15_sawtooth,
          nzn_winding_woodlands_5x15_sidewinder,
          nzn_winding_woodlands_15x15_killbox, nzn_winding_woodlands_5x15_pool,
          nzn_winding_woodlands_5x15_pockets,
          nzn_winding_woodlands_5x15_concentric], layout_misc_corridors,
          nicolae_swamp_entry_spooky, nicolae_snake_entry_squirm
Lair:4:   layout_misc_corridors, gauntlet_entry_generic, gammafunk_ghost_arena,
          grunt_megastairs_2
Lair:5:   grunt_lair_end_beastmaster, layout_cave_pods, slime_entry_1,
          uniq_sonja
Swamp:1:  layout_basic_swamp, serial_swamp_ruin, evilmike_swamp_ruin_house_2,
          evilmike_swamp_ruin_rubble_1
Swamp:2:  layout_basic_swamp, ebering_ghost_rock_garden,
          hangedman_swamp_ruin_wall, swamp_pool1, uniq_nikola
Swamp:3:  layout_basic_swamp, evilmike_swamp_ruin_rubble_2, swamp_pool1,
          uniq_jorgrun
Swamp:4:  swamp_old_school, layout_basic_swamp
Snake:1:  layout_grid_maze, nicolae_snake_omega
Snake:2:  layout_cave_shapes, basic_altar, serial_bayou, serial_bayou_shore_b,
          serial_bayou_shore_b, serial_bayou_pond_e, serial_bayou_ford_a,
          serial_bayou_lagoon_b
Snake:3:  hangedman_cross_stitches, layout_grid_maze, basic_altar,
          gammafunk_ghost_split, nicolae_specific_store, lemuel_fruit_tree,
          uniq_roxanne
Snake:4:  snake_pit, layout_cave_pods, gammafunk_ghost_abyssal_escape,
          serial_bayou_shore_b, uniq_louise
Orc:1:    layout_caves
Orc:2:    st_orc_congregation, layout_caves, serial_shops, bzr_entry_gold
Elf:1:    layout_geoelf_grid, kennysheep_underground_church
Elf:2:    elven_hall_of_blades_hangedman_original
          [nicolae_blade_entry_floor_patterns], layout_geoelf_grid
Elf:3:    grunt_elf_hall_branching, layout_gridlike, nicolae_shop_firing_range,
          uniq_zenata
Vaults:1: nicolae_vaults_three_branches, v_rooms_4,
          nicolae_vaults_specimen_jars, v_misc_10, hangedman_vaults_variations,
          v_misc_3, vaults_room_pools, nicolae_vaults_diagonal_hallway_6,
          hangedman_vaults_hard_town_square,
          vaults_standard_mumra_enter_the_diamond, vaults_room_pools,
          nicolae_vaults_asterisk, vaults_room_stairs_pillars,
          layout_vaults_ring
Vaults:2: grunt_vaults_hallway_short, ontoclasm_vaults_ring_large,
          hangedman_vaults_corner, ontoclasm_vaults_pinch,
          ontoclasm_vaults_loading_screen, v_alt_pattern_1,
          hangedman_vaults_impose, nicolae_vaults_network_periphery,
          hangedman_vaults_stretched_pinwheel, hangedman_vaults_corner_blocks,
          nicolae_vaults_network_star, v_misc_9, layout_vaults_big_cross,
          uniq_frederick
Vaults:3: v_misc_3, nicolae_vaults_ring_of_whatevers, v_misc_23, v_misc_2,
          minmay_crypt_entry_simple_statues, hangedman_vaults_locks,
          vaults_room_door_hall, vaults_room_pool, v_misc_11,
          nicolae_vaults_what_the_h, nicolae_vaults_circle_grid_a,
          layout_vaults_big_room, uniq_mara, uniq_xtahua, uniq_aizul
Vaults:4: vaults_room_semicircle, v_misc_23, st_cross, vaults_dpeg_doors,
          vaults_mumra_minichess, serial_ice_b, grunt_vaults_trifunnel,
          v_rooms_4, vaults_dpeg_ring, nicolae_vaults_network_square, v_misc_26,
          v_misc_9, ontoclasm_vaults_twist, nicolae_vaults_little_squares_3,
          layout_vaults_omnibox
Depths:1: layout_roguey, serial_shops, nicolae_shop_trees,
          grunt_pan_entry_spiral, grunt_gozag_statues, hell_entry,
          chequers_serial_rivers_micro_c, minmay_misc_feat_room,
          kennysheep_minor_cross, chequers_serial_rivers_room_a,
          minmay_crystal_water, kennysheep_generic_room_5, uniq_asterion,
          uniq_saint_roka
Depths:2: minmay_cut_squares, layout_gridlike, enter_ziggurat_d, serial_shops,
          nicolae_shop_trees, nicolae_shop_hallway_stairs, shop,
          nicolae_lakefront_shop, nicolae_stop_n_shop_1,
          grunt_hell_entry_dis_grunt, rand_demon_pan_entry_8, elyvilon_altar_4
Depths:3: grunt_arcs, layout_gridlike, abyss_entry, hell_entry, hex_intersection

Skill      XL: |  1  2  3  4  5  6  7  8  9 10 11 12 13 14 15 16 17 18 19 20 21 22 |
---------------+-------------------------------------------------------------------+-----
Fighting       | 2 3 4 5 7 8 9 10 11 12 13 14 15 | 15.6
Staves         | 3 4 5 6 7 11 12 13 14 | 14.0
Throwing       | 6 7 8 9 10 11 12 13 14 | 14.8
Armour         | 7 8 9 10 12 13 14 15 16 17 18 | 18.9
Dodging        | 5 6 7 8 9 10 11 12 | 12.7
Evocations     | 3 4 6 7 9 10 11 12 13 14 | 14.9
Invocations    | 2 4 5 7 8 10 12 13 14 16 17 18 | 18.5
Stealth        | 4 6 8 10 11 12 14 | 14.1

Action                     |  1- 3 |  4- 6 |  7- 9 | 10-12 | 13-15 | 16-18 | 19-21 | 22-24 || total
---------------------------+-------+-------+-------+-------+-------+-------+-------+-------++-------
  Melee: Quarterstaff      |   125 |   191 |    92 |   595 |   957 |  1389 |  1683 |       ||  5032
         Tailslap          |    12 |    29 |    15 |   140 |   307 |   346 |   559 |   209 ||  1617
         Dagger            |       |       |    15 |       |       |       |       |       ||    15
         Lajatang          |       |       |       |   199 |   380 |   132 |   191 |   508 ||  1410
         Short sword       |       |       |       |     7 |    50 |       |       |       ||    57
         Mace              |       |       |       |       |    10 |       |       |       ||    10
         Punch             |       |       |       |       |     4 |       |     8 |    13 ||    25
         Demon whip        |       |       |       |       |       |       |   141 |   243 ||   384
  Throw: Dart              |       |     4 |     7 |    73 |    29 |    14 |    33 |     2 ||   162
         Boomerang         |       |       |     2 |       |       |    81 |    10 |    11 ||   104
         Javelin           |       |       |       |       |       |       |       |     2 ||     2
 Invoke: Heroism           |       |       |       |    17 |    29 |    29 |    27 |     5 ||   107
         Finesse           |       |       |       |       |       |     1 |     1 |       ||     2
  Evoke: Wand              |       |       |       |     1 |     3 |     5 |     3 |     1 ||    13
         Piece from Xom's  |       |       |       |       |     1 |     4 |     7 |       ||    12
         Tin of tremorston |       |       |       |       |       |       |     2 |       ||     2
    Use: Scroll            |     5 |     3 |     3 |     9 |     9 |     5 |    14 |     1 ||    49
         Potion            |       |       |     1 |       |     2 |     3 |    11 |     1 ||    18
   Stab: Sleeping          |     1 |       |       |       |       |     8 |    19 |     8 ||    36
         Distracted        |       |       |       |       |    20 |    44 |    42 |    22 ||   128
         Invisible         |       |       |       |       |       |     2 |       |       ||     2
         Confused          |       |       |       |       |       |     1 |       |       ||     1
 Armour: Leather armour    |    44 |       |       |       |       |       |       |       ||    44
         Ring mail         |    18 |    75 |       |       |       |       |       |       ||    93
         Chain mail        |       |    43 |    87 |    10 |       |       |       |       ||   140
         Steam dragon scal |       |       |       |   151 |       |       |       |       ||   151
         Scale mail        |       |       |       |   116 |   482 |   421 |   458 |   406 ||  1883
         Swamp dragon scal |       |       |       |       |       |   150 |   237 |       ||   387
         Plate armour      |       |       |       |       |       |       |   199 |       ||   199
  Dodge: Dodged            |    40 |    96 |    44 |   300 |   562 |   965 |   875 |   413 ||  3295
  Block: Other             |       |       |       |   108 |   215 |       |       |       ||   323
         Reflection        |       |       |       |     2 |     5 |       |       |       ||     7

Table legend: (Time is in decaauts)
 A = Elapsed time spent in this place.
 B = Non-inter-level travel time spent in this place.
 C = Inter-level travel time spent in this place.
 D = Time resting spent in this place.
 E = Time spent auto-exploring this place.
 F = Levels seen in this place.
 G = Mean time per level.
                   A        B        C        D        E       F      G
               +--------+--------+--------+--------+--------+-----+--------+
         Total |  58664 |  53904 |   4760 |  17313 |  23109 |  46 | 1275.3 |
       Dungeon |  16186 |  13791 |   2395 |   2513 |   7699 |  15 | 1079.1 |
        Temple |     17 |     12 |      5 |      0 |      0 |   1 |   17.0 |
          Lair |   7513 |   6712 |    801 |   1953 |   3322 |   5 | 1502.6 |
         Swamp |   4749 |   4459 |    290 |   1405 |   2044 |   4 | 1187.2 |
     Snake Pit |   9501 |   9305 |    196 |   5398 |   2260 |   4 | 2375.2 |
  Orcish Mines |   2522 |   2100 |    422 |    623 |    913 |   2 | 1261.0 |
   Elven Halls |   5269 |   4925 |    344 |   1610 |   1872 |   3 | 1756.3 |
        Vaults |   7661 |   7412 |    249 |   2659 |   2897 |   4 | 1915.2 |
        Depths |   3202 |   3148 |     54 |    772 |   1460 |   3 | 1067.3 |
         Abyss |    163 |    163 |      0 |      0 |    118 |   1 |  163.0 |
        Bazaar |    263 |    263 |      0 |      0 |    194 |   1 |  263.0 |
         Sewer |    705 |    705 |      0 |     83 |    328 |   1 |  705.0 |
      Ice Cave |    422 |    422 |      0 |    221 |      0 |   1 |  422.0 |
      Gauntlet |    484 |    484 |      0 |     75 |      0 |   1 |  484.0 |
               +--------+--------+--------+--------+--------+-----+--------+

Top non-repeatable levels by time:
 Snake:3: 3415 daAuts
 Snake:1: 2639 daAuts
Vaults:2: 2529 daAuts
   Elf:3: 2336 daAuts
Vaults:1: 2197 daAuts
   Elf:2: 2188 daAuts
  Lair:3: 1887 daAuts
 Snake:2: 1862 daAuts
  Lair:5: 1716 daAuts
  Lair:1: 1689 daAuts
Vaults:3: 1605 daAuts
 Snake:4: 1584 daAuts
Depths:1: 1539 daAuts
   Orc:2: 1511 daAuts
 Swamp:2: 1390 daAuts
